AoeStats
← rashbalash

Arena

509776479Analyzed
4v4 RM · 5d ago on Sep 28, 2026· 108m 23s· 8 players
Game mode
Random Map
Map size
Large (8 player)
Population
200
Speed
Normal
Resources
Standard
Victory
Conquest
Starting age
Dark Age
Ending age
Imperial Age
RankedLock teamsTeams togetherTeam positionsShared explorationLock speedFull tech treeHidden civsTurbo modeCheats
Victory
Defeat
🇺🇸 Danes · United States
1114
+14
🇺🇸 Persians · United States
1085
+15
🇺🇸 Vietnamese · United States
1039
+17
🇺🇸 Goths · United States
1009
+17
🇳🇮 Khmer · Nicaragua
1094
-17
🇺🇸 Cumans · United States
1080
-17
🇰🇿 Slavs · Kazakhstan
1066
-16
🇨🇿 Chinese · Czechia
996
-20
Cthpoolu
11:06 Feudal Age
14:41 Castle Age
13:04 Double-Bit Axe
13:35 Horse Collar
15:50 Bow Saw
21:56 Wheelbarrow
22:05 Heavy Plow
23:39 Loom
24:15 Hand Cart
25:51 Gold Mining
25:54 Stone Mining
29:40 Imperial Age
27:59 Scale Mail Armor
28:09 Forging
27:51 Fletching
27:54 Man-at-Arms
28:33 Long Swordsman
29:39 Squires
29:26 Gambesons
29:26 Arson
29:20 Hamask
30:20 Chain Mail Armor
30:26 Two-Handed Swordsman
30:37 Pikeman
32:11 Plate Mail Armor
32:16 Iron Casting
31:47 Halberdier
32:25 Champion
33:07 Bodkin Arrow
33:08 Capped Ram
35:48 Blast Furnace
34:49 Bracer
35:59 Padded Archer Armor
35:44 Elite Varangian Guard
36:44 Onager
38:08 Conscription
39:53 Chemistry
39:14 Ballistics
39:04 Masonry
43:11 Leather Archer Armor
43:01 Scale Barding Armor
47:51 Murder Holes
48:02 Siege Engineers
50:11 Siege Onager
52:52 Elite Skirmisher
53:38 Thumb Ring
54:04 Ring Archer Armor
54:01 Caravan
55:09 Elite Jomsviking
55:57 Guard Tower
57:07 Northmen's Fury
59:39 Siege Ram
69:43 Arrowslits
81:17 Crossbowman
81:17 Imperial Skirmisher
87:14 Siege Ram
rashbalash
1:14 Loom
11:15 Feudal Age
16:14 Castle Age
16:25 Double-Bit Axe
17:25 Stone Mining
21:10 Horse Collar
25:18 Wheelbarrow
25:18 Gold Mining
25:42 Heavy Plow
27:28 Forging
30:12 Imperial Age
28:01 Town Watch
28:45 Squires
30:12 Iron Casting
29:38 Scale Mail Armor
29:33 Fletching
30:18 Anarchy
30:06 Pikeman
31:17 Conscription
31:06 Murder Holes
32:14 Chemistry
34:03 Halberdier
38:28 Elite Skirmisher
39:30 Perfusion
40:10 Bow Saw
40:35 Man-at-Arms
41:05 Long Swordsman
42:21 Hand Cart
42:09 Town Patrol
42:08 Two-Handed Swordsman
43:21 Chain Mail Armor
44:19 Blast Furnace
44:34 Two-Man Saw
46:04 Crop Rotation
51:02 Champion
56:41 Bodkin Arrow
56:52 Scale Barding Armor
64:14 Murder Holes
72:04 Caravan
80:28 Guilds
92:25 Elite Huskarl
98:05 Treadmill Crane
Milaad
12:01 Feudal Age
13:12 Double-Bit Axe
14:49 Loom
17:49 Castle Age
19:10 Pikeman
23:08 Scale Mail Armor
27:56 Wheelbarrow
27:55 Padded Archer Armor
28:07 Forging
32:05 Chain Mail Armor
32:26 Iron Casting
37:30 Imperial Age
39:20 Halberdier
46:23 Hand Cart
58:49 Horse Collar
61:19 Squires
89:59 Elite Skirmisher
91:40 Arson
99:22 Imperial Skirmisher
103:58 Husbandry
105:44 Bloodlines
ScoobaDoobaDoo
6:08 Loom
12:11 Feudal Age
13:31 Double-Bit Axe
16:38 Castle Age
15:32 Gold Mining
15:27 Horse Collar
17:50 Wheelbarrow
18:13 Bow Saw
20:51 Heavy Plow
23:43 Stone Mining
25:18 Stone Shaft Mining
28:17 Thumb Ring
31:21 Imperial Age
31:10 Treadmill Crane
31:41 Masonry
31:52 Ballistics
31:25 Fletching
31:39 Scale Mail Armor
31:02 Pikeman
31:42 Squires
31:35 Arson
32:04 Murder Holes
32:15 Bodkin Arrow
32:37 Hand Cart
33:24 Two-Man Saw
32:03 Onager
34:10 Hoardings
34:14 Husbandry
34:25 Bloodlines
35:11 Thumb Ring
36:39 Chemistry
36:17 Bracer
36:28 Forging
36:43 Padded Archer Armor
37:44 Siege Engineers
40:49 Halberdier
41:46 Chain Mail Armor
48:05 Paper Money
47:52 Town Watch
51:45 Leather Archer Armor
53:23 Fortified Wall
54:06 Elite Rattan Archer
54:48 Chatras
55:20 Ring Archer Armor
54:56 Scale Barding Armor
55:22 Plate Mail Armor
55:27 Iron Casting
57:39 Town Patrol
58:01 Chain Barding Armor
57:32 Arrowslits
58:28 Chatras
62:25 Plate Barding Armor
63:01 Elite Skirmisher
64:37 Imperial Skirmisher
80:04 Capped Ram
RarinWheel65511
10:40 Feudal Age
11:35 Horse Collar
11:43 Double-Bit Axe
18:02 Wheelbarrow
21:34 Castle Age
20:05 Stone Mining
20:05 Gold Mining
21:38 Elite Skirmisher
21:40 Pikeman
22:21 Squires
22:06 Arson
23:28 Gold Shaft Mining
22:47 Fletching
23:03 Scale Barding Armor
23:08 Forging
22:59 Padded Archer Armor
23:45 Scale Mail Armor
24:53 Hand Cart
25:51 Bodkin Arrow
26:32 Iron Casting
27:24 Bloodlines
27:05 Loom
31:50 Imperial Age
29:47 Ballistics
30:05 Thumb Ring
33:22 Halberdier
33:40 Elite Steppe Lancer
38:35 Capped Ram
44:54 Chain Barding Armor
45:07 Siege Ram
49:21 Conscription
49:02 Steppe Husbandry
50:59 Elite Kipchak
58:44 Murder Holes
59:49 Chemistry
72:44 Caravan
73:06 Light Cavalry
89:58 Plate Barding Armor
89:39 Leather Archer Armor
95:39 Chain Mail Armor
101:38 Hussar
IceCube
10:53 Feudal Age
14:52 Castle Age
13:16 Double-Bit Axe
13:12 Horse Collar
16:17 Bow Saw
18:22 Heavy Plow
18:19 Gold Mining
20:22 Wheelbarrow
19:36 Loom
23:57 Gold Shaft Mining
23:14 Stone Mining
23:43 Town Watch
24:19 Hand Cart
28:25 Imperial Age
26:23 Scale Barding Armor
26:29 Forging
27:56 Chain Barding Armor
27:28 Fletching
27:51 Masonry
29:14 Iron Casting
28:50 Murder Holes
29:15 Ballistics
29:05 Detinets
29:26 Conscription
29:51 Plate Barding Armor
29:37 Husbandry
29:48 Bloodlines
29:35 Bodkin Arrow
31:36 Two-Man Saw
31:07 Crop Rotation
31:40 Blast Furnace
31:03 Siege Engineers
31:59 Chemistry
33:38 Devotion
34:32 Hoardings
33:18 Elite Boyar
33:33 Sappers
36:33 Squires
35:54 Man-at-Arms
36:40 Druzhina
37:11 Long Swordsman
37:52 Scale Mail Armor
37:54 Two-Handed Swordsman
38:50 Champion
43:07 Hoardings
48:58 Light Cavalry
52:54 Hussar
El tío Furcio!
5:24 Loom
10:24 Feudal Age
15:24 Castle Age
13:35 Double-Bit Axe
15:02 Horse Collar
16:57 Stone Mining
20:06 Wheelbarrow
19:49 Bow Saw
19:56 Heavy Plow
25:09 Ballistics
26:07 Scale Barding Armor
26:58 Hand Cart
28:08 Gold Mining
28:56 Stone Shaft Mining
36:28 Imperial Age
34:12 Forging
34:24 Chain Barding Armor
34:47 Tusk Swords
36:18 Iron Casting
35:43 Scale Mail Armor
36:13 Town Watch
36:07 Pikeman
36:33 Arson
38:18 Chemistry
36:53 Halberdier
38:36 Elite Ballista Elephant
39:17 Double Crossbow
40:05 Man-at-Arms
41:47 Blast Furnace
41:02 Chain Mail Armor
41:23 Plate Barding Armor
41:44 Conscription
42:51 Long Swordsman
45:06 Town Patrol
45:21 Siege Engineers
45:54 Crop Rotation
46:01 Gold Shaft Mining
45:18 Two-Handed Swordsman
50:38 Fletching
50:49 Padded Archer Armor
54:42 Hoardings
80:28 Caravan
82:18 Bodkin Arrow
94:32 Heavy Scorpion
Niggārdly
11:05 Feudal Age
15:36 Castle Age
14:24 Loom
15:18 Double-Bit Axe
15:16 Horse Collar
19:37 Heavy Plow
19:48 Bow Saw
26:52 Gold Mining
26:54 Stone Mining
27:46 Wheelbarrow
27:24 Padded Archer Armor
27:14 Fletching
30:38 Imperial Age
30:44 Imperial Age
29:13 Great Wall
29:18 Padded Archer Armor
29:08 Fletching
30:46 Ballistics
30:22 Murder Holes
32:11 Wheelbarrow
31:23 Town Watch
32:29 Conscription
33:47 Two-Man Saw
33:30 Gold Shaft Mining
33:32 Stone Shaft Mining
34:35 Chemistry
33:24 Arrowslits
33:44 Elite Chu Ko Nu
38:07 Leather Archer Armor
37:47 Bodkin Arrow
38:11 Hand Cart
37:58 Town Patrol
40:03 Ring Archer Armor
39:33 Bracer
45:27 Heavy Rocket Cart
46:44 Bombard Tower
63:06 Forging
63:01 Scale Barding Armor
84:31 Caravan
Connection lost

Rejoining the realm…

Still unreachable

The connection could not be restored.

Session expired

The server has moved on; the page needs a fresh start.